A
LEXINGTON DISTILLERS @ READING RAILERS
04/23/2060
 
TOP OF THE 1ST
Lexington Distillers batting - Pitching for Reading Railers : RHP Harley Landis
Pitching: RHP Harley Landis
Batting: RHB Josiah John 0-0: Ball
1-0: Fly out, F8 (Flyball, 8RD, EV 101.2 MPH)
Batting: RHB Bill Lee 0-0: Ball
1-0: Ball
2-0: Ball
3-0: Called Strike
3-1: SINGLE (Flyball, 78S, EV 89.4 MPH)
Batting: RHB Dylan Macias 0-0: Called Strike
0-1: Ball
1-1: Foul Ball, location: 2F
1-2: Ball
2-2: Fly out, F8 (Line Drive, 8RD, EV 90.6 MPH)
Batting: RHB Henry Gabler 0-0: Ball
1-0: Ball
2-0: Ball
3-0: Called Strike
3-1: Called Strike
3-2: Base on Balls
Bill Lee to second
Batting: SHB Prince Wise 0-0: Ball
1-0: Ball
2-0: Ball
3-0: Called Strike
3-1: Foul Ball, location: 2F
3-2: Foul Ball, location: 2F
3-2: Base on Balls
Bill Lee to third
Henry Gabler to second
Batting: RHB Landen Paulson 0-0: Called Strike
0-1: Foul Ball, location: 2F
0-2: Ball
1-2: Ball
2-2: Ball
3-2: Strikes out looking
Top of the 1st over - 0 runs, 1 hit, 0 errors, 3 left on base; Lexington 0 - Reading 0
BOTTOM OF THE 1ST
Reading Railers batting - Pitching for Lexington Distillers : RHP Jonah Morganstein
Pitching: RHP Jonah Morganstein
Batting: LHB Ronnie Jensen 0-0: Ground out 1-3 (Groundball, 15S, EV 68.8 MPH)
Batting: RHB Dominick Munn 0-0: Fly out, F9 (Flyball, 89S, EV 85.6 MPH)
Batting: LHB Nick Rankin 0-0: Ball
1-0: Called Strike
1-1: SINGLE (Line Drive, 78S, EV 88.8 MPH)
Batting: LHB Shawn Shope 0-0: Fly out, F5 (Popup, 5SF, EV 78.1 MPH)
Bottom of the 1st over - 0 runs, 1 hit, 0 errors, 1 left on base; Lexington 0 - Reading 0
TOP OF THE 2ND
Lexington Distillers batting - Pitching for Reading Railers : RHP Harley Landis
Batting: SHB Frederick Rizer 0-0: Ball
1-0: Called Strike
1-1: Ball
2-1: DOUBLE (Groundball, 3L, EV 102.5 MPH)
Batting: RHB Taylor Ostapenko 0-0: Ball
1-0: DOUBLE (Line Drive, 89D, EV 100.6 MPH)
Frederick Rizer scores
Batting: RHB Byron Flores 0-0: Ball
1-0: Called Strike
1-1: Swinging Strike
1-2: Foul Ball, location: 2F
1-2: Foul Ball, location: 2F
1-2: Ball
2-2: Strikes out swinging
Batting: RHB Josiah John 0-0: Called Strike
Taylor Ostapenko steals 3rd base
0-1: Called Strike
0-2: Ball
1-2: SINGLE (Groundball, 6M, EV 101.9 MPH) (infield hit)
Taylor Ostapenko scores
Batting: RHB Bill Lee 0-0: Ball
1-0: SINGLE (Groundball, 4MD, EV 100.0 MPH)
Josiah John to second
Josiah John to third
Batting: RHB Dylan Macias 0-0: Swinging Strike
0-1: Grounds into double play, 5-4-3 (Groundball, 56, EV 80.6 MPH)
Top of the 2nd over - 2 runs, 4 hits, 0 errors, 1 left on base; Lexington 2 - Reading 0
BOTTOM OF THE 2ND
Reading Railers batting - Pitching for Lexington Distillers : RHP Jonah Morganstein
Batting: LHB Carter Hayes 0-0: Ball
1-0: Foul Ball, location: 2F
1-1: Foul Ball, location: 2F
1-2: Ball
2-2: Foul Ball, location: 2F
2-2: Ball
3-2: Foul Ball, location: 2F
3-2: SINGLE (Line Drive, 7LS, EV 92.5 MPH)
Batting: RHB Nyles Quinones 0-0: Called Strike
0-1: Swinging Strike
0-2: Strikes out swinging
Batting: RHB Riley Callaghan 0-0: Called Strike
Carter Hayes steals 2nd base
0-1: Called Strike
0-2: Ball
1-2: Ball
2-2: Strikes out swinging
Batting: RHB Sebastian Robinson 0-0: Called Strike
0-1: Ball
1-1: SINGLE (Groundball, 23, EV 70.0 MPH) (infield hit)
Carter Hayes to third
Batting: RHB Levi Jewell 0-0: Ball
1-0: Called Strike
1-1: Swinging Strike
1-2: Ball
Sebastian Robinson is caught stealing 2nd base 2-4
Bottom of the 2nd over - 0 runs, 2 hits, 0 errors, 1 left on base; Lexington 2 - Reading 0
TOP OF THE 3RD
Lexington Distillers batting - Pitching for Reading Railers : RHP Harley Landis
Batting: RHB Henry Gabler 0-0: Ball
1-0: Called Strike
1-1: Foul Ball, location: 2F
1-2: Strikes out swinging
Batting: SHB Prince Wise 0-0: Called Strike
0-1: Called Strike
0-2: Ball
1-2: Ball
2-2: SINGLE (Groundball, 6MD, EV 97.5 MPH)
Batting: RHB Landen Paulson 0-0: Fly out, F8 (Flyball, 89D, EV 106.2 MPH)
Batting: SHB Frederick Rizer 0-0: Called Strike
0-1: Foul Ball, location: 2F
0-2: Strikes out looking
Top of the 3rd over - 0 runs, 1 hit, 0 errors, 1 left on base; Lexington 2 - Reading 0
BOTTOM OF THE 3RD
Reading Railers batting - Pitching for Lexington Distillers : RHP Jonah Morganstein
Batting: RHB Levi Jewell 0-0: Called Strike
0-1: Ball
1-1: Ball
2-1: Called Strike
2-2: Ground out 6-3 (Groundball, 6, EV 86.9 MPH)
Batting: LHB Ronnie Jensen 0-0: Ball
1-0: Foul Ball, location: 2F
1-1: Foul Ball, location: 2F
1-2: SINGLE (Line Drive, 78S, EV 91.2 MPH)
Batting: RHB Dominick Munn 0-0: Grounds into double play, 4-6-3 (Groundball, 4, EV 83.8 MPH)
Bottom of the 3rd over - 0 runs, 1 hit, 0 errors, 0 left on base; Lexington 2 - Reading 0
TOP OF THE 4TH
Lexington Distillers batting - Pitching for Reading Railers : RHP Harley Landis
Batting: RHB Taylor Ostapenko 0-0: SINGLE (Line Drive, 4D, EV 109.4 MPH)
Batting: RHB Byron Flores 0-0: Called Strike
0-1: Ball
1-1: Ball
2-1: Swinging Strike
2-2: Foul Ball, location: 2F
2-2: Fly out, F7 (Flyball, 7D, EV 99.4 MPH)
Batting: RHB Josiah John 0-0: Called Strike
0-1: Foul Ball, location: 2F
0-2: Fly out, F9 (Flyball, 9, EV 86.9 MPH)
Batting: RHB Bill Lee 0-0: Called Strike
Pickoff Throw by Catcher to First - Error! E2
Taylor Ostapenko to second
0-1: Ball
1-1: Ground out 4-3 (Groundball, 4, EV 107.5 MPH)
Top of the 4th over - 0 runs, 1 hit, 1 error, 1 left on base; Lexington 2 - Reading 0
BOTTOM OF THE 4TH
Reading Railers batting - Pitching for Lexington Distillers : RHP Jonah Morganstein
Batting: LHB Nick Rankin 0-0: Ball
1-0: Foul Ball, location: 2F
1-1: Ball
2-1: Ball
3-1: Foul Ball, location: 2F
3-2: Foul Ball, location: 2F
3-2: Strikes out swinging
Batting: LHB Shawn Shope 0-0: Called Strike
0-1: Foul Ball, location: 2F
0-2: Strikes out looking
Batting: LHB Carter Hayes 0-0: Ball
1-0: Ground out 5-3 (Groundball, 5, EV 111.2 MPH)
Bottom of the 4th over - 0 runs, 0 hits, 0 errors, 0 left on base; Lexington 2 - Reading 0
TOP OF THE 5TH
Lexington Distillers batting - Pitching for Reading Railers : RHP Harley Landis
Batting: RHB Dylan Macias 0-0: Swinging Strike
0-1: SINGLE (Line Drive, 89S, EV 110.0 MPH)
Batting: RHB Henry Gabler 0-0: Ball
1-0: Ball
2-0: SINGLE (Groundball, 34D, EV 98.8 MPH)
Dylan Macias to second
Throwing error, E9
Dylan Macias scores
Henry Gabler to second
Batting: SHB Prince Wise 0-0: 2-RUN HOME RUN (Flyball, 9D, EV 99.4 MPH), Distance : 394 ft
Pitching: RHP Cole Mrozek
Batting: RHB Landen Paulson 0-0: Ball
1-0: Called Strike
1-1: Ball
2-1: Foul Ball, location: 2F
2-2: Strikes out swinging, 2-3 out at first.
Batting: SHB Frederick Rizer 0-0: Ball
1-0: Called Strike
1-1: Ball
2-1: SINGLE (Line Drive, 7S, EV 91.9 MPH)
Batting: RHB Taylor Ostapenko 0-0: Ball
1-0: Ball
Frederick Rizer steals 2nd base
2-0: Ball
3-0: Base on Balls
Batting: RHB Byron Flores 0-0: DOUBLE (Line Drive, 89XD, EV 104.4 MPH)
Frederick Rizer scores
Taylor Ostapenko to third
Batting: RHB Josiah John 0-0: Swinging Strike
0-1: Swinging Strike
0-2: Ball
1-2: Ball
2-2: Foul Ball, location: 2F
2-2: Strikes out looking
Batting: RHB Bill Lee 0-0: Ball
1-0: Ground out 4-3 (Groundball, 34, EV 85.6 MPH)
Top of the 5th over - 4 runs, 5 hits, 1 error, 2 left on base; Lexington 6 - Reading 0
BOTTOM OF THE 5TH
Reading Railers batting - Pitching for Lexington Distillers : RHP Jonah Morganstein
Batting: RHB Nyles Quinones 0-0: Foul Ball, location: 2F
0-1: Ball
1-1: Called Strike
1-2: Ball
2-2: SINGLE (Groundball, 25, EV 71.2 MPH) (infield hit)
Batting: RHB Riley Callaghan 0-0: Fly out, F5 (Popup, 5L, EV 80.6 MPH)
Batting: RHB Sebastian Robinson 0-0: Called Strike
0-1: Ball
1-1: Called Strike
1-2: Strikes out swinging
Batting: RHB Levi Jewell 0-0: Ball
1-0: Ball
2-0: Called Strike
2-1: Swinging Strike
2-2: Strikes out swinging
Bottom of the 5th over - 0 runs, 1 hit, 0 errors, 1 left on base; Lexington 6 - Reading 0
TOP OF THE 6TH
Lexington Distillers batting - Pitching for Reading Railers : RHP Cole Mrozek
Batting: RHB Dylan Macias 0-0: Ball
1-0: Swinging Strike
1-1: Ground out 5-3 (Groundball, 5, EV 94.4 MPH)
Batting: RHB Henry Gabler 0-0: Ball
1-0: Ball
2-0: Ball
3-0: Called Strike
3-1: Foul Ball, location: 2F
3-2: Foul Ball, location: 2F
3-2: DOUBLE (Line Drive, 7LS, EV 110.0 MPH)
Batting: SHB Prince Wise 0-0: Ball
1-0: Ball
2-0: SINGLE (Line Drive, 5D, EV 98.8 MPH)
Henry Gabler to third
Batting: RHB Landen Paulson 0-0: Ball
1-0: Fly out, F8 (Flyball, 89M, EV 79.4 MPH)
Batting: SHB Frederick Rizer 0-0: Ball
1-0: SINGLE (Groundball, 4M, EV 108.8 MPH) (infield hit)
Henry Gabler scores
Prince Wise to second
Batting: RHB Taylor Ostapenko 0-0: Fly out, F8 (Line Drive, 8RD, EV 98.8 MPH)
Top of the 6th over - 1 run, 3 hits, 0 errors, 2 left on base; Lexington 7 - Reading 0
BOTTOM OF THE 6TH
Reading Railers batting - Pitching for Lexington Distillers : RHP Jonah Morganstein
Batting: LHB Ronnie Jensen 0-0: Ball
1-0: Foul Ball, location: 2F
1-1: Swinging Strike
1-2: Ball
2-2: Strikes out swinging
Batting: RHB Dominick Munn 0-0: Swinging Strike
0-1: Ball
1-1: Swinging Strike
1-2: SINGLE (Line Drive, 7S, EV 92.5 MPH)
Batting: LHB Nick Rankin 0-0: Called Strike
0-1: Swinging Strike
0-2: Strikes out swinging
Batting: LHB Shawn Shope 0-0: Ball
1-0: Called Strike
1-1: Ball
2-1: Swinging Strike
2-2: Strikes out looking
Bottom of the 6th over - 0 runs, 1 hit, 0 errors, 1 left on base; Lexington 7 - Reading 0
TOP OF THE 7TH
Lexington Distillers batting - Pitching for Reading Railers : RHP Cole Mrozek
Batting: RHB Byron Flores 0-0: Foul Ball, location: 2F
0-1: Fly out, F9 (Flyball, 89S, EV 73.8 MPH)
Batting: RHB Josiah John 0-0: Fly out, F8 (Flyball, 8RD, EV 103.1 MPH)
Pinch Hitting: RHB Ashton Cleveland 0-0: Ball
1-0: DOUBLE (Line Drive, 9LM, EV 101.9 MPH)
Pitching: LHP Colin Tabor
Pinch Hitting: RHB Samuel Crabtree 0-0: Ball
1-0: Ball
2-0: Ground out 5-3 (Groundball, 56S, EV 85.6 MPH)
Top of the 7th over - 0 runs, 1 hit, 0 errors, 1 left on base; Lexington 7 - Reading 0
BOTTOM OF THE 7TH
Reading Railers batting - Pitching for Lexington Distillers : RHP Jonah Morganstein
Now in LF: Garett Vomacka
Now in RF: Samuel Crabtree
Pinch Hitting: SHB Sidney Kitunda 0-0: Ball
1-0: Foul Ball, location: 2F
1-1: Called Strike
1-2: Foul Ball, location: 2F
1-2: Ball
2-2: Strikes out swinging
Batting: RHB Nyles Quinones 0-0: Swinging Strike
0-1: Foul Ball, location: 2F
0-2: Ball
1-2: Strikes out looking
Batting: RHB Riley Callaghan 0-0: Ball
1-0: SINGLE (Line Drive, 89S, EV 88.8 MPH)
Batting: RHB Sebastian Robinson 0-0: Fly out, F7 (Flyball, 7, EV 90.0 MPH)
Bottom of the 7th over - 0 runs, 1 hit, 0 errors, 1 left on base; Lexington 7 - Reading 0
TOP OF THE 8TH
Lexington Distillers batting - Pitching for Reading Railers : LHP Colin Tabor
Now in RF: Jaren Barr
Batting: RHB Henry Gabler 0-0: Ball
1-0: SINGLE (Groundball, 5S, EV 72.5 MPH) (infield hit)
Batting: SHB Prince Wise 0-0: Ball
1-0: Grounds into double play, 6-4-3 (Groundball, 6, EV 90.6 MPH)
Batting: RHB Landen Paulson 0-0: Ball
1-0: Foul Ball, location: 2F
1-1: Foul Ball, location: 2F
1-2: Ball
2-2: Ground out 4-3 (Groundball, 4, EV 103.1 MPH)
Top of the 8th over - 0 runs, 1 hit, 0 errors, 0 left on base; Lexington 7 - Reading 0
BOTTOM OF THE 8TH
Reading Railers batting - Pitching for Lexington Distillers : RHP Jonah Morganstein
Batting: RHB Levi Jewell 0-0: Ground out 6-3 (Groundball, 6, EV 110.6 MPH)
Pinch Hitting: RHB Kyle Shaw 0-0: Called Strike
0-1: Called Strike
0-2: Ball
1-2: Strikes out looking
Batting: RHB Dominick Munn 0-0: Fly out, F9 (Line Drive, 9, EV 89.4 MPH)
Bottom of the 8th over - 0 runs, 0 hits, 0 errors, 0 left on base; Lexington 7 - Reading 0
TOP OF THE 9TH
Lexington Distillers batting - Pitching for Reading Railers : LHP Colin Tabor
Now in LF: Zeke Johnson
Batting: SHB Frederick Rizer 0-0: Called Strike
0-1: Ball
1-1: Ball
2-1: Foul Ball, location: 2F
2-2: Ball
3-2: Fly out, F9 (Flyball, 9D, EV 86.2 MPH)
Batting: RHB Taylor Ostapenko 0-0: Called Strike
0-1: Fly out, F8 (Flyball, 8RM, EV 97.5 MPH)
Batting: RHB Byron Flores 0-0: Ground out 6-3 (Groundball, 6, EV 78.8 MPH)
Top of the 9th over - 0 runs, 0 hits, 0 errors, 0 left on base; Lexington 7 - Reading 0
BOTTOM OF THE 9TH
Reading Railers batting - Pitching for Lexington Distillers : RHP Jonah Morganstein
Batting: LHB Nick Rankin 0-0: SINGLE (Line Drive, 34D, EV 95.0 MPH)
Batting: LHB Shawn Shope 0-0: Foul Ball, location: 2F
0-1: Called Strike
0-2: Foul Ball, location: 2F
0-2: Foul Ball, location: 2F
0-2: Ball
1-2: Strikes out swinging
Batting: RHB Jaren Barr 0-0: Called Strike
0-1: Foul Ball, location: 2F
0-2: Fly out, F8 (Line Drive, 8LD, EV 101.2 MPH)
Batting: RHB Nyles Quinones 0-0: Called Strike
0-1: Ball
1-1: Foul Ball, location: 2F
1-2: Fly out, F7 (Flyball, 78D, EV 85.0 MPH)
Bottom of the 9th over - 0 runs, 1 hit, 0 errors, 1 left on base; Lexington 7 - Reading 0
Monday, April 29th , 2024 - OOTP Baseball 23.10 Build 110